AoeStats
← Culona

Arabia

510043163Analyzed
1v1 RM · 3d ago on Sep 29, 2026· 39m 6s· 2 players
Game mode
Random Map
Map size
Tiny (2 player)
Population
200
Speed
Normal
Resources
Standard
Victory
Conquest
Starting age
Dark Age
Ending age
Imperial Age
RankedLock teamsTeams togetherTeam positionsShared explorationLock speedFull tech treeHidden civsTurbo modeCheats
Victory
Defeat
🇦🇷 Byzantines · Argentina
1058
+16
🇦🇷 Mongols · Argentina
1068
-16
Culona
2:13 Loom
10:07 Feudal Age
10:48 Double-Bit Axe
11:59 Horse Collar
21:35 Castle Age
21:04 Fletching
21:29 Forging
22:18 Pikeman
23:03 Scale Mail Armor
22:36 Elite Skirmisher
24:02 Stone Mining
26:29 Bodkin Arrow
27:26 Treadmill Crane
30:28 Arson
31:56 Iron Casting
35:03 Imperial Age
33:53 Heavy Plow
37:46 Wheelbarrow
37:59 Gold Mining
39:17 Chemistry
Gilda
5:40 Loom
8:20 Feudal Age
13:52 Double-Bit Axe
16:13 Horse Collar
21:17 Castle Age
19:38 Padded Archer Armor
20:04 Gold Mining
20:20 Fletching
21:19 Bloodlines
22:49 Bow Saw
27:10 Scale Barding Armor
33:50 Imperial Age
32:36 Wheelbarrow
32:42 Bodkin Arrow
34:15 Heavy Plow
36:20 Capped Ram
36:49 Cavalier
37:02 Light Cavalry
Connection lost

Rejoining the realm…

Still unreachable

The connection could not be restored.

Session expired

The server has moved on; the page needs a fresh start.